 Dungeon Sprint DCSS version 0.30.0-29-ga12c61a403 (webtiles) character file.

Game seed: 17398967915332173690

504 boopmooplesden the Fighter (level 7, -18/87 HPs)
             Began as an Ogre Berserker on June 21, 2023.
             Was an Elder of Trog.
             Demolished by a shadow (28 damage)
             ... in the Dungeon (Sprint IX: "|||||||||||||||||||||||||||||").
             The game lasted 00:00:48 (543 turns).

boopmooplesden the Fighter (Ogre Berserker)          Turns: 543, Time: 00:00:49

Health: -18/87     AC:  3    Str: 24    XL:     7   Next: 17%
Magic:  7/7        EV: 12    Int: 11    God:    Trog [****..]
Gold:   0          SH:  0    Dex: 11    Spells: 6/6 levels left

rFire   . . .        k - +2 dire flail (heavy)
rCold   . . .        (shield currently unavailable)
rNeg    . . .        b - +0 animal skin
rPois   .            (helmet restricted)
rElec   .            (no cloak)
rCorr   .            (gloves unavailable)
SInv    .            (boots unavailable)
Will    .....        (no amulet)
Stlth   +            m - +3 ring of dexterity
HPRegen 0.34/turn    l - +3 ring of intelligence
MPRegen 0.10/turn

%: no teleportation
@: on berserk cooldown, slowed, very slow
A: large, unfitting armour, tough skin 1
a: Renounce Religion, Berserk, Trog's Hand, Brothers in Arms


You were in the Dungeon.
You worshipped Trog.
Trog was greatly pleased with you.
You visited 1 branch

Inventory:

Hand Weapons
 a - a +0 mace
 k - a +2 heavy dire flail (weapon)
Armour
 b - a +0 animal skin (worn)
Jewellery
 l - a +3 ring of intelligence (right hand)
 m - a +3 ring of dexterity (left hand)
Wands
 j - a wand of iceblast (10)
Scrolls
 h - 2 scrolls of blinking
Potions
 c - 5 potions of curing
 d - 3 potions of heal wounds
 e - a potion of haste
 f - 4 potions of magic
 g - a potion of berserk rage
 i - a potion of invisibility


   Skills:
 + Level 10.7 Fighting
 + Level 9.5 Maces & Flails
 + Level 8.0 Dodging
 + Level 0.5 Stealth


You had 6 spell levels left.
You didn't know any spells.
Your spell library was empty.

Dungeon Overview and Level Annotations

Branches:
Dungeon (1/1)

Altars:
Cheibriados
Dithmenos
Elyvilon
Fedhas
Gozag
Hepliaklqana
Kikubaaqudgha
Makhleb
Nemelex Xobeh
Okawaru
Qazlal
Ru
Sif Muna
Trog
Uskayaw
Vehumet
Wu Jian
Xom
Yredelemnul
Zin
The Shining One
Jiyva
Lugonu


Innate Abilities, Weirdness & Mutations

You are too large for most types of armour.
You have tough skin. (AC +1)


Message History

You sock the shadow!
The shadow is severely damaged.
You thump the shadow!
You destroy the shadow!
Trog accepts your kill.
You are no longer berserk.
You are exhausted.
You feel yourself slow down.
The shadow slips into darkness.
The shadow flickers and vanishes!
Deactivating autopickup; reactivate with Ctrl-A.
Your Maces & Flails skill increases to level 9!
Your Dodging skill increases to level 8!
You have reached level 7!
The shadow strikes at you from the darkness!
Reactivating autopickup.
The shadow slips into darkness.
The shadow flickers and vanishes!
Deactivating autopickup; reactivate with Ctrl-A.
There is an open door to the Dungeon, spattered with blood here.
Things that are here:
a +0 dagger; 8 poisoned darts; a kobold corpse You barely miss something.
The shadow strikes at you from the darkness!
* * * LOW HITPOINT WARNING * * *
Reactivating autopickup.
The shadow slips into darkness.
The shadow flickers and vanishes!
Deactivating autopickup; reactivate with Ctrl-A.
You closely miss something.
The shadow strikes at you from the darkness!
Reactivating autopickup.
The shadow hits you.
* * * LOW HITPOINT WARNING * * *
The shadow slips into darkness.
The shadow flickers and vanishes!
Deactivating autopickup; reactivate with Ctrl-A.
You fail to use your ability.
The shadow strikes at you from the darkness!
You die... ▓▓▓▓▓▓▓▓▓▓▓▓▓▓▓▓▓▓▓▓▓▓▓▓▓ +...{.O)@.[[[.)?.'_______ ▓▓▓▓▓▓▓▓▓▓▓▓▓▓▓▓▓▓▓▓▓▓▓▓▓

You could see a two-headed ogre.

Vanquished Creatures
  A shadow (D)
  A yak (D)
  A black bear (D)
  A kobold brigand (D)
  A sleepcap (D)
  An adder (D)
  A dart slug (D)
  An orc (D)
  An endoplasm (D)
  2 giant cockroaches (D)
  A kobold (D)
  A ball python (D)
13 creatures vanquished.

Notes
Turn   | Place    | Note
-------+----------+-------------------------------------------
     0 | D        | boopmooplesden the Ogre Berserker began the quest for the
                  | Orb.
     0 | D        | Reached XP level 1. HP: 24/24 MP: 1/1
    24 | D        | Reached ** piety under Trog
   279 | D        | Noticed a black bear
   279 | D        | Noticed a sleepcap
   284 | D        | Reached skill level 5 in Fighting
   284 | D        | Reached XP level 2. HP: 35/35 MP: 2/2
   285 | D        | Reached *** piety under Trog
   290 | D        | Reached skill level 6 in Fighting
   290 | D        | Reached XP level 3. HP: 44/44 MP: 3/3
   298 | D        | Killed a black bear
   299 | D        | Reached skill level 7 in Fighting
   299 | D        | Reached skill level 5 in Dodging
   299 | D        | Reached XP level 4. HP: 57/57 MP: 4/4
   299 | D        | Reached XP level 5. HP: 63/63 MP: 5/5
   303 | D        | Found a snail-covered altar of Cheibriados.
   303 | D        | Found a shadowy altar of Dithmenos.
   303 | D        | Found a white marble altar of Elyvilon.
   303 | D        | Found a blossoming altar of Fedhas.
   303 | D        | Found an opulent altar of Gozag.
   304 | D        | Found a hazy altar of Hepliaklqana.
   305 | D        | Found a viscous altar of Jiyva.
   306 | D        | Found an ancient bone altar of Kikubaaqudgha.
   307 | D        | Found a corrupted altar of Lugonu.
   308 | D        | Found a burning altar of Makhleb.
   309 | D        | Found a sparkling altar of Nemelex Xobeh.
   310 | D        | Found an iron altar of Okawaru.
   311 | D        | Found a stormy altar of Qazlal.
   312 | D        | Found a sacrificial altar of Ru.
   313 | D        | Found a shimmering blue altar of Sif Muna.
   314 | D        | Found a bloodstained altar of Trog.
   315 | D        | Found a hide-covered altar of Uskayaw.
   316 | D        | Found a radiant altar of Vehumet.
   317 | D        | Found an ornate altar of the Wu Jian Council.
   318 | D        | Found a shimmering altar of Xom.
   319 | D        | Found a basalt altar of Yredelemnul.
   320 | D        | Found a glowing silver altar of Zin.
   321 | D        | Found a glowing golden altar of the Shining One.
   526 | D        | Noticed a vampire
   526 | D        | Noticed a two-headed ogre
   526 | D        | Noticed a shadow
   526 | D        | Noticed a shadow
   526 | D        | Noticed a yak
   526 | D        | Noticed a kobold brigand
   531 | D        | Killed a kobold brigand
   532 | D        | Reached skill level 8 in Fighting
   533 | D        | Killed a yak
   533 | D        | Reached **** piety under Trog
   534 | D        | Reached skill level 10 in Fighting
   534 | D        | Reached XP level 6. HP: 78/78 MP: 6/6
   538 | D        | Killed a shadow
   539 | D        | Reached XP level 7. HP: 67/87 MP: 7/7
   543 | D        | Demolished by a shadow

Illustrated notes

Levels and vault maps discovered:
D:        linesprint [early_d, line_temple, items_1, d_10, items_2, lair_1,
          lair_end, items_3, orc_1, orc_end, items_4, d_15, swamp_1, shoals_1,
          snake_1, spider_1, d_20, vaults_1, items_5, swamp_end, shoals_end,
          snake_end, spider_end, vaults_end, d_27, items_6, zot_1, zot_end,
          crypt_end, forest_end, elf_end, slime_end, tomb_end, abyss_end,
          pan_hell_end]

Skill      XL: |  1  2  3  4  5  6 |
---------------+-------------------+-----
Maces & Flails | 3 4 6 8 9 |  9.5
Dodging        | 3 4 5 7 8 |  8.0
Fighting       | 5 6 7 10 | 10.7
Stealth        | |  0.5

Action                     |  1- 3 |  4- 6 |  7- 9 || total
---------------------------+-------+-------+-------++-------
  Melee: Mace              |    43 |       |       ||    43
         Dire flail        |       |    11 |     2 ||    13
 Invoke: Berserk           |     1 |     1 |       ||     2
 Armour: Animal skin       |    16 |       |     1 ||    17
  Dodge: Dodged            |    20 |     1 |       ||    21
